 Dungeon Crawl Stone Soup version 0.24.0-13-gcf9b3192b9 (webtiles) character file.

Game seed: 987290043132429985, levelgen mode: deterministic

50 Delamore the Chopper (level 3, 0/46 HPs)
             Began as a Hill Orc Monk on Nov 7, 2019.
             Slain by Grinder (5 damage)
             ... on level 3 of the Dungeon.
             The game lasted 00:03:52 (1614 turns).

Delamore the Chopper (Hill Orc Monk)                Turns: 1614, Time: 00:03:52

Health: 0/46       AC: 21    Str: 14    XL:     3   Next: 79%
Magic:  3/3        EV:  2    Int: 10    God:
Gold:   49         SH: 11    Dex: 17    Spells: 2/2 levels left

rFire    . . .     SeeInvis .   a - +0 hand axe
rCold    . . .     Gourm    .   h - +0 large shield
rNeg     + + +     Faith    +   (armour currently unavailable)
rPois    +         Spirit   .   (helmet currently unavailable)
rElec    .         Reflect  .   (cloak currently unavailable)
rCorr    .         Harm     .   (gloves currently unavailable)
MR       .....     NoTele   +   (boots currently unavailable)
Stlth    ++........             n - amulet of faith
HPRegen  0.15/turn              d - +4 ring of dexterity
MPRegen  0.08/turn              (no ring)

@: tree-form
A: no striking features
a: no special abilities


You were on level 3 of the Dungeon.
You were not hungry.
You were a tree.
You visited 1 branch of the dungeon, and saw 3 of its levels.

You collected 49 gold pieces.

Inventory:

Hand Weapons
 a - a +0 hand axe (weapon)
Armour
 h - a +0 large shield (worn)
 p - a +0 scale mail (melded)
 q - a +0 helmet (melded)
Jewellery
 d - a +4 ring of dexterity (left branch)
 n - an amulet of faith (around neck)
Wands
 f - a wand of digging (6)
Scrolls
 b - a scroll of blinking {unknown}
 i - a scroll of remove curse {unknown}
 j - a scroll of identify {unknown}
 l - a scroll of enchant weapon {unknown}
 m - a scroll of magic mapping {unknown}
 o - a scroll of fear {unknown}
 r - a scroll of teleportation {unknown}
Potions
 k - a potion of heal wounds {unknown}
Comestibles
 c - 4 rations


   Skills:
 - Level 3.6 Fighting
 + Level 5.9 Axes
 - Level 2.4 Dodging
 - Level 1.5 Stealth
 + Level 1.0 Shields


You had 2 spell levels left.
You didn't know any spells.
Your spell library was empty.

Dungeon Overview and Level Annotations

Branches:
Dungeon (3/15)

Altars:
Vehumet

Annotations:
D:3 Grinder


Message History

* * * LOW HITPOINT WARNING * * *
Grinder completely misses you. Grinder hits you but does no damage.
Grinder blinks!
You can move again.
It was a potion of lignification.
You turn into a tree.
Your +0 helmet melds into your body.
Your +0 scale mail melds into your body.
Your roots penetrate the ground.
Grinder barely misses you.
You are too injured to fight recklessly!
You are too injured to fight recklessly!
You hit Grinder but do no damage. Grinder hits you.
* * * LOW HITPOINT WARNING * * *
You hit Grinder.
Grinder is lightly wounded.
Grinder hits you but does no damage.
You hit Grinder but do no damage.
Grinder is lightly wounded.
Grinder hits you.
You die...

......( .# .......#.##
.......... .........#
.......#........
#....#........
#..#........
#.####..#........
#....♣..+........
#.#######5.#........
...........#.........
#.#######.##.........#
.....................
.######.####.........
#.#............
.#####.#............
.....................


You could see Grinder.

Vanquished Creatures
  An adder (D:2)
  A worm (D:2)
  2 dart slugs
  A leopard gecko (D:2)
  An orc (D:3)
  2 giant cockroaches
  3 goblins
  2 hobgoblins (D:1)
  2 jackals (D:1)
  2 kobolds (D:1)
  2 ball pythons (D:1)
  2 bats
  5 frilled lizards
  10 rats
36 creatures vanquished.

Vanquished Creatures (others)
  Jessica (D:2)
1 creature vanquished.

Grand Total: 37 creatures vanquished

Notes
Turn   | Place    | Note
-------+----------+-------------------------------------------
     0 | D:1      | Delamore the Hill Orc Monk began the quest for the Orb.
     0 | D:1      | Reached XP level 1. HP: 19/19 MP: 1/1
   102 | D:1      | Reached XP level 2. HP: 24/26 MP: 2/2
   200 | D:1      | Reached skill level 5 in Axes
   474 | D:2      | Killed Jessica
   509 | D:2      | Found a faded altar of an unknown god.
   569 | D:2      | Found a radiant altar of Vehumet.
   963 | D:2      | Reached XP level 3. HP: 31/31 MP: 3/3
  1554 | D:3      | Reached skill level 1 in Shields
  1585 | D:3      | Noticed Grinder
  1605 | D:3      | HP: 1/31 [Grinder (3)]
  1606 | D:3      | Paralysed by Grinder for 5 turns
  1614 | D:3      | Slain by Grinder

Levels and vault maps discovered:
D:1:      onia_arrival_handbag, layout_basic
D:2:      layout_basic, fiery_altar_vehumet,
          chequers_ecumenical_altar_simple_redux, uniq_jessica
D:3:      layout_basic, first_ration, st_stairs_12, uniq_robin, uniq_grinder

Skill      XL: |  1  2  3 |
---------------+----------+-----
Axes           | 5 |  5.9
Shields        | 1 |  1.0
Fighting       | |  3.6
Dodging        | |  2.4
Stealth        | |  1.5

Action                   || total
-------------------------++-------
Melee: Hand axe          ||   109
  Use: Potion            ||     2
 Stab: Sleeping          ||    10
  Eat: Chunk             ||     2
Armor: Robe              ||     7
       Scale mail        ||    18
       Skin              ||     1
Dodge: Dodged            ||    21
Block: Large shield      ||    47
